 Dungeon Crawl Stone Soup version 0.20-a0-785-g17250f0 (webtiles) character file.

25 retryentry the Magician (level 3, -6/21 HPs)
             Began as an Octopode Wizard on Feb 27, 2017.
             Mangled by a worm (10 damage)
             ... on level 2 of the Dungeon.
             The game lasted 00:02:09 (1283 turns).

retryentry the Magician (Octopode Wizard)           Turns: 1283, Time: 00:02:10

Health: -6/21      AC:  1    Str:  6    XL:     3   Next: 4%
Magic:  1/8        EV: 13    Int: 21    God:
Gold:   66         SH:  0    Dex: 10    Spells: 1/9 levels left

rFire    . . .     SeeInvis .   (no weapon)
rCold    . . .     Gourm    .   (no shield)
rNeg     . . .     Faith    .   a - +0 hat
rPois    .         Spirit   .   (no amulet)
rElec    .         Reflect  .   (no ring)
rCorr    .         Harm     .   (no ring)
MR       .....                  (no ring)
Stlth    +++.......             (no ring)
Regen    0.1/turn               (no ring)
MPRegen  0.2/turn               (no ring)
                                (no ring)
                                (no ring)

@: no status effects
A: almost no armour, stealthy swim, amphibious, 8 rings, constrict 8, camouflage
1, gelatinous body 1
a: no special abilities


You were on level 2 of the Dungeon.
You were not hungry.

You visited 1 branch of the dungeon, and saw 2 of its levels.

You collected 66 gold pieces.

Inventory:

Armour
 a - a +0 hat (worn)
Scrolls
 d - a scroll of blinking {unknown}
 e - a scroll of remove curse {unknown}
 h - a scroll of amnesia {unknown}
Potions
 f - a potion of berserk rage {unknown}
 i - a potion of curing {unknown}
Books
 b - a book of Minor Magic

   Spells                             Type                      Level
   a - Magic Dart                     Conjuration                  1
   b - Blink                          Translocation                2
   c - Call Imp                       Summoning                    2
   d - Slow                           Hexes                        2
   e - Conjure Flame                  Conjuration/Fire             3
   f - Mephitic Cloud                 Conjuration/Poison/Air       3
Comestibles
 c - a bread ration


   Skills:
 - Level 2.0 Dodging
 - Level 2.6 Stealth
 + Level 3.6 Spellcasting
 * Level 1.7 Conjurations
 - Level 1.0 Summonings
 - Level 1.0 Translocations


You had one spell level left.
You knew the following spells:

 Your Spells              Type           Power        Failure   Level  Hunger
a - Magic Dart            Conj           ##..         8%          1    None
b - Blink                 Tloc           N/A          14%         2    ##.....
c - Call Imp              Summ           #.......     14%         2    ##.....
d - Mephitic Cloud        Conj/Pois/Air  #.......     34%         3    ###....


Dungeon Overview and Level Annotations

Branches:
Dungeon (2/15)

Altars:
Uskayaw


Innate Abilities, Weirdness & Mutations

You cannot wear most types of armour.
You are very stealthy in the water. (Stealth+)
You are amphibious.
You can wear up to eight rings at the same time.
You can use your tentacles to constrict eight enemies at once.
Your skin changes colour to match your surroundings (Stealth+).
Your rubbery body absorbs attacks. (AC +1, EV +1)


Message History

The worm barely misses you.
You tentacle-slap the worm. Your grab misses the worm.
The worm is severely wounded.
You tentacle-slap the worm but do no damage.
Your grab misses the worm.
The worm is severely wounded.
The worm bites you!
You tentacle-slap the worm but do no damage.
Your grab misses the worm.
The worm is severely wounded.
You tentacle-slap the worm but do no damage.
Your grab misses the worm.
The worm is severely wounded.
The worm bites you!
* * * LOW HITPOINT WARNING * * *
You tentacle-slap the worm but do no damage.
You grab the worm.
The worm is severely wounded.
You constrict the worm. The worm bites you!
You die...

### #<# #.#
......g _##.#
#......#.##.#
#......#.##@#
..w...#.##w#
#....?.##.#
#......##.#
#......##.# #
#..##.#
#.#..##.#
#.......#
###.>####


You could see a worm.

Vanquished Creatures
  A leopard gecko (D:1)
  A giant cockroach (D:1)
  5 hobgoblins (D:1)
  3 jackals (D:1)
  2 kobolds (D:1)
  A bat (D:1)
  2 frilled lizards (D:1)
  4 goblins (D:1)
  2 rats (D:1)
21 creatures vanquished.

Notes
Turn   | Place    | Note
-------+----------+-------------------------------------------
     0 | D:1      | retryentry the Octopode Wizard began the quest for the Orb.
     0 | D:1      | Reached XP level 1. HP: 11/11 MP: 4/4
   256 | D:1      | Reached XP level 2. HP: 17/17 MP: 6/6
   938 | D:1      | Reached XP level 3. HP: 15/21 MP: 0/8
  1005 | D:1      | Learned a level 2 spell: Blink
  1008 | D:1      | Learned a level 2 spell: Call Imp
  1012 | D:1      | Learned a level 3 spell: Mephitic Cloud
  1250 | D:2      | Found a hide-covered altar of Uskayaw.
  1283 | D:2      | Mangled by a worm

Vault maps used:
D:1:      lightli_arrival_statue_moat, minmay_octomino_e4
D:2:      lemuel_round_altar, ashenzari_conservatory_becter,
          overflow_temple_1_default, led_sif_pool, nicolae_ru_path_of_blood,
          lemuel_coloured_pillars_altar

Action                   || total
-------------------------++-------
Melee: Unarmed           ||    35
       Constrict         ||    11
       Tentacles         ||     5
 Cast: Magic Dart        ||    36
  Eat: Chunk             ||     1
Armor: Skin              ||     1
Dodge: Dodged            ||    23
